[Event "ICC tourney 2173 (45 10)"]
[Site "Internet Chess Club"]
[Date "2020.12.05"]
[Round "1"]
[White "M6northrup"]
[Black "jayrag"]
[Result "0-1"]
[ICCResult "White resigns"]
[WhiteElo "1597"]
[BlackElo "1452"]
[Opening "Two knights defense"]
[ECO "C55"]
[NIC "KP.02"]
[Time "13:03:37"]
[TimeControl "2700+10"]

1. e4 e5 2. Nf3 Nc6 3. d4 exd4 4. Bc4 Nf6 5. O-O Bc5 6. Bg5 h6 7. Bh4 g5 8.
Nxg5 hxg5 9. Bxg5 Rg8 10. Bh4 Be7 11. Bxf6 Bxf6 12. Qh5 Qe7 13. Re1 Ne5 14.
Bb3 d6 {White resigns} 0-1

[Event "ICC tourney 2173 (45 10)"]
[Site "Internet Chess Club"]
[Date "2020.12.05"]
[Round "1"]
[White "tedwpnw"]
[Black "Hamlett144"]
[Result "1-0"]
[ICCResult "Black resigns"]
[WhiteElo "1253"]
[BlackElo "1500"]
[Opening "Owen defense"]
[ECO "B00"]
[NIC "VO.01"]
[Time "13:03:46"]
[TimeControl "2700+10"]

1. e4 b6 2. d4 Bb7 3. Nc3 e6 4. Bd3 Bb4 5. Nf3 Nf6 6. Bg5 h6 7. Bxf6 gxf6 8.
Qe2 d5 9. exd5 Bxd5 10. Nh4 Qd7 11. Nf5 Kd8 12. Ne3 Bb7 13. Qg4 Nc6 14. d5
Bxc3+ 15. bxc3 Ne5 16. Qg7 Nxd3+ 17. cxd3 Ke7 18. Ng4 Rag8 19. Qxf6+ Ke8 20.
Qh4 Rxg4 21. Qxg4 Qxd5 22. O-O h5 23. Qg7 Rf8 24. Rfe1 h4 25. h3 Kd7 26. Re4
c5 27. Qxf8 {Black resigns} 1-0

[Event "ICC tourney 2173 (45 10)"]
[Site "Internet Chess Club"]
[Date "2020.12.05"]
[Round "1"]
[White "Mannansh"]
[Black "colinweitx"]
[Result "0-1"]
[ICCResult "White checkmated"]
[WhiteElo "1252"]
[BlackElo "1546"]
[Opening "Sicilian: Smith-Morra gambit"]
[ECO "B21"]
[NIC "SI.48"]
[Time "13:03:29"]
[TimeControl "2700+10"]

1. e4 c5 2. d4 cxd4 3. c3 dxc3 4. Nxc3 g6 5. Bc4 Bg7 6. Nf3 e6 7. O-O Ne7 8.
Bf4 O-O 9. Nb5 Na6 10. e5 h5 11. Qd2 Nf5 12. Rfd1 Re8 13. Rac1 Qb6 14. b3
Nc5 15. Be2 a6 16. Na3 Ne4 17. Qd3 Nxf2 18. Nc4 Nh3+ 19. Kh1 Qg1+ 20. Nxg1
Nf2# {White checkmated} 0-1

[Event "ICC tourney 2173 (45 10)"]
[Site "Internet Chess Club"]
[Date "2020.12.05"]
[Round "1"]
[White "hartej"]
[Black "aChessRookie"]
[Result "1/2-1/2"]
[ICCResult "Game drawn by mutual agreement"]
[WhiteElo "1482"]
[BlackElo "1207"]
[Opening "Giuoco Piano"]
[ECO "C54"]
[NIC "IG.02"]
[Time "13:03:33"]
[TimeControl "2700+10"]

1. e4 e5 2. Nf3 Nc6 3. Bc4 Bc5 4. c3 Nf6 5. d4 exd4 6. e5 Qe7 7. O-O Nxe5 8.
Nxe5 Qxe5 9. Re1 Ne4 10. Qe2 d5 11. Bxd5 Qxd5 12. Qxe4+ Qxe4 13. Rxe4+ Be6
14. cxd4 O-O-O 15. Be3 Bb6 16. Nc3 a6 17. Na4 Ba7 18. Nc5 Bxc5 19. dxc5 Rd7
20. Rd4 Rhd8 21. Rxd7 Rxd7 22. Kf1 h5 23. h4 g6 24. Ke1 Bd5 25. g3 Bf3 26.
a3 c6 27. Rc1 Kd8 28. Kf1 Rd1+ 29. Rxd1+ Bxd1 30. Ke1 Bf3 31. Kd2 Kd7 32.
Kc3 a5 33. Kd4 Ke6 34. Bd2 Be2 35. Bxa5 Ba6 36. Bd2 Kf5 37. Be3 Ke6 38. a4
Kf5 39. b4 Ke6 40. Ke4 Bc4 41. Bf4 Ba6 42. Bd6 Bc4 43. Kd4 Be2 44. Bc7 Bd1
45. a5 Be2 46. Bf4 Kf5 47. Ke3 Bb5 48. Bd6 Ke6 49. Ke4 Ba6 50. Bc7 Bb5 51.
Kf4 Ba6 52. Kg5 Be2 53. f4 Bd3 54. Bd8 Be2 55. Bc7 Bd3 56. Bd6 Be2 57. Be5
Bd3 58. g4 hxg4 59. Kxg4 f5+ 60. Kg5 Kf7 61. Bd4 Be4 62. h5 gxh5 63. Kxh5
Ke6 64. Be5 Bd3 65. Kg6 Ba6 66. Kg7 Bb5 67. Kf8 Ba6 68. Ke8 Bb5 69. Kd8 Ba6
70. Kc7 Kd5 71. Kd7 Kc4 72. Bc7 Kd5 73. Ke7 Ke4 74. Kf6 Bb5 75. Ke6 Ba6 76.
Be5 Bb5 77. Kd6 Ba6 78. Kc7 Kd3 79. Kd7 Ke4 80. Kc7 Kd3 81. Kd7 Ke4 82. Bc7
Bb5 83. Kc8 Ba6 84. Kb8 Kd4 85. Kc8 Kc4 86. Kd7 Kxb4 87. Bb6 Kc3 88. Ke6 Bd3
89. Kd7 Kd4 90. Kc8 Ba6 91. Kd7 Ke4 92. Bc7 Kd5 93. Bb6
{Game drawn by mutual agreement}
1/2-1/2

[Event "ICC tourney 2173 (45 10)"]
[Site "Internet Chess Club"]
[Date "2020.12.05"]
[Round "1"]
[White "trucker"]
[Black "akshajp"]
[Result "1-0"]
[ICCResult "Black resigns"]
[WhiteElo "1617"]
[BlackElo "1389"]
[Opening "Sicilian: Magnus Smith trap"]
[ECO "B57"]
[NIC "SI.25"]
[Time "13:03:35"]
[TimeControl "2700+10"]

1. e4 c5 2. Nc3 Nc6 3. Nf3 d6 4. d4 cxd4 5. Nxd4 Nf6 6. Bc4 g6 7. Nxc6 bxc6
8. e5 Ng4 9. e6 Ne5 10. exf7+ Nxf7 11. Bxf7+ Kxf7 12. Qf3+ Ke8 13. Qxc6+ Bd7
14. Qe4 Bg7 15. O-O Rf8 16. Bg5 Bf5 17. Qc6+ Bd7 18. Qe4 Bf5 19. Qe2 h6 20.
Bh4 Kf7 21. Rfe1 Bf6 22. Bxf6 exf6 23. Rad1 Re8 24. Qc4+ Kg7 25. Nd5 Rc8 26.
Qd4 Rxc2 27. g4 Be6 28. Qxa7+ Kg8 29. Qd4 Bxd5 30. Qxd5+ Kg7 31. Qb7+ Kh8
32. a4 Ree2 33. Rxe2 Rxe2 34. Qb5 Qe7 35. h3 Re5 36. Qd3 h5 37. Qxd6 Re1+
38. Kh2 Qe2 39. Qxf6+ Kh7 40. Rd7+ {Black resigns} 1-0

[Event "ICC tourney 2173 (45 10)"]
[Site "Internet Chess Club"]
[Date "2020.12.05"]
[Round "1"]
[White "Eagle2020"]
[Black "ethansun188"]
[Result "1-0"]
[ICCResult "Black checkmated"]
[WhiteElo "1507"]
[BlackElo "1169"]
[Opening "Giuoco Piano: Möller (Therkatz) attack"]
[ECO "C54"]
[NIC "IG.02"]
[Time "13:03:31"]
[TimeControl "2700+10"]

1. e4 e5 2. Nf3 Nc6 3. Bc4 Bc5 4. c3 Nf6 5. d4 exd4 6. cxd4 Bb4+ 7. Nc3 Nxe4
8. O-O Bxc3 9. d5 Ne5 10. bxc3 Nxc4 11. Re1 f5 12. Bg5 O-O 13. Bxd8 Rxd8 14.
Qd4 Nb6 15. d6 cxd6 16. a4 d5 17. a5 Nc4 18. Qxd5+ Kh8 19. Qxc4 d5 20. Qc7
Rd7 21. Qe5 Rd8 22. Ng5 Kg8 23. Qe7 Rf8 24. Nxh7 Kxh7 25. Qxf8 a6 26. f3 Ng5
27. Re7 Ne6 28. Qxf5+ Kh6 29. Rxe6+ Bxe6 30. Qxe6+ Kh7 31. Qxd5 Rf8 32. Qxb7
Rf6 33. Ra4 Kg6 34. Rg4+ Kh5 35. Qxg7 Rxf3 36. Qg5# {Black checkmated} 1-0

[Event "ICC tourney 2173 (45 10)"]
[Site "Internet Chess Club"]
[Date "2020.12.05"]
[Round "1"]
[White "wildrumpus"]
[Black "wuchenrex"]
[Result "0-1"]
[ICCResult "White checkmated"]
[WhiteElo "1532"]
[BlackElo "1471"]
[Opening "Queen's pawn game"]
[ECO "D00"]
[NIC "QP.08"]
[Time "13:03:55"]
[TimeControl "2700+10"]

1. d4 d5 2. e3 Nc6 3. Nf3 Bf5 4. c4 e6 5. Qb3 Bb4+ 6. Nc3 Nf6 7. Bd2 Qe7 8.
Be2 O-O 9. O-O Na5 10. Qa4 dxc4 11. Ne5 a6 12. Ne4 Bxd2 13. Nxd2 b6 14. Rac1
Nd5 15. e4 f6 16. Nd7 Rfd8 17. exf5 Rxd7 18. fxe6 Qxe6 19. Rfe1 Re7 20. Kf1
Rae8 21. Qd1 Nf4 22. Nxc4 Nxe2 23. Rxe2 Qxe2+ 24. Qxe2 Rxe2 25. Ne3 Rxb2 26.
Rxc7 Rxa2 27. g3 b5 28. Ke1 b4 29. Kd1 b3 30. Nf5 b2 31. Rxg7+ Kf8 32. Kc2
Rc8+ 33. Kb1 Rc1+ 34. Kxa2 b1=Q+ 35. Ka3 Rc3+ 36. Ka4 Qb5# {White
checkmated} 0-1

[Event "ICC tourney 2173 (45 10)"]
[Site "Internet Chess Club"]
[Date "2020.12.05"]
[Round "1"]
[White "ElijahL2020"]
[Black "AbleCompany"]
[Result "1/2-1/2"]
[ICCResult "Game drawn by mutual agreement"]
[WhiteElo "1316"]
[BlackElo "1542"]
[Opening "Sicilian: Alapin's variation (2.c3)"]
[ECO "B22"]
[NIC "SI.46"]
[Time "13:03:27"]
[TimeControl "2700+10"]

1. e4 c5 2. c3 Nf6 3. e5 Nd5 4. d4 d6 5. Nf3 Nc6 6. c4 Nb6 7. dxc5 dxc5 8.
Qxd8+ Kxd8 9. Bf4 Bg4 10. Nbd2 e6 11. h3 Bh5 12. Be2 Be7 13. Rd1 Kc7 14. O-O
g5 15. Bg3 g4 16. Nh2 Nd4 17. Bxg4 Bxg4 18. Nxg4 h5 19. Ne3 h4 20. Bh2 Rhg8
21. b3 Rg6 22. Ne4 Rag8 23. Ng4 Nd7 24. f3 Kc8 25. Rf2 Nf8 26. f4 Nh7 27. b4
b6 28. bxc5 bxc5 29. Rb2 f5 30. exf6 Nxf6 31. Nexf6 Bxf6 32. Nxf6 Rxf6 33.
f5 Nf3+ 34. Kh1 Nxh2 35. Kxh2 Rxf5 36. Rdb1 Kc7 37. Rb7+ Kd6 38. Rxa7 Rf2
39. Rg1 Rc2 40. Ra6+ Ke7 41. Kh1 Rxc4 42. Re1 Rg6 43. Ra7+ Kd6 44. Rd1+ Rd4
45. Rb1 Rd2 46. Ra6+ Kd5 47. Rg1 Rf6 48. a4 Rff2 49. Ra8 c4 50. a5 c3 51. a6
Ra2 52. a7 Ke5 53. Re1+ Rfe2 54. Rxe2+ Rxe2 55. Rc8 Ra2 56. a8=Q Rxa8 57.
Rxa8 Kd4 58. Rd8+ {Game drawn by mutual agreement} 1/2-1/2

[Event "ICC tourney 2173 (45 10)"]
[Site "Internet Chess Club"]
[Date "2020.12.05"]
[Round "1"]
[White "byumitchell"]
[Black "Leowang"]
[Result "0-1"]
[ICCResult "White resigns"]
[WhiteElo "1460"]
[BlackElo "1172"]
[Opening "Sicilian defense"]
[ECO "B41"]
[NIC "SI.41"]
[Time "13:03:36"]
[TimeControl "2700+10"]

1. e4 c5 2. Nf3 e6 3. d4 cxd4 4. Nxd4 Bc5 5. Nc3 Qb6 6. Na4 Qa5+ 7. Nc3 Bxd4
8. Qxd4 Nf6 9. Be2 Nc6 10. Qd1 Nxe4 11. Bd2 Nxd2 12. Qxd2 O-O 13. O-O d5 14.
Qd1 Qb6 15. Rb1 Rd8 16. Bd3 Nb4 17. a3 Nxd3 18. Qxd3 Bd7 19. Rfe1 Bc6 20.
Ne2 Bb5 21. Qf3 Bxe2 22. Qxe2 Re8 23. c3 Rad8 24. h3 e5 25. Kh1 f5 26. Qf3
Qf6 27. Rbd1 Qf7 28. Qe3 b6 29. f4 e4 30. Rd4 Rd7 31. b4 Red8 32. Red1 b5
33. Kh2 a6 34. Ra1 Rc7 35. Rc1 Rdc8 36. Kh1 Rd8 37. Rcd1 Rcd7 38. Ra1 Rc8
39. Rc1 Rc4 40. Rcd1 Rxd4 41. Rxd4 Qe6 42. Kh2 Kf7 43. g3 Qd6 44. Kg2 Rc7
45. Kh2 Rc4 46. Kg2 Qc6 47. Rxc4 dxc4 48. Qa7+ Kg6 49. Qe7 Qf6 50. Qe8+ Kh6
51. h4 Qxc3 52. Qd8 Qf6 53. Qe8 c3 54. g4 fxg4 55. Kg3 c2 56. Kxg4 Qg6+
{White resigns}
0-1

[Event "ICC tourney 2173 (45 10)"]
[Site "Internet Chess Club"]
[Date "2020.12.05"]
[Round "1"]
[White "SunnyCountry"]
[Black "Pathon"]
[Result "0-1"]
[ICCResult "White checkmated"]
[WhiteElo "1335"]
[BlackElo "1622"]
[Opening "Sicilian: dragon, Yugoslav attack, 7...O-O"]
[ECO "B76"]
[NIC "SI.17"]
[Time "13:03:39"]
[TimeControl "2700+10"]

1. e4 c5 2. Nf3 d6 3. d4 cxd4 4. Nxd4 Nf6 5. Nc3 g6 6. f3 Bg7 7. Be3 O-O 8.
Bc4 Nc6 9. Nxc6 bxc6 10. O-O Bd7 11. Qd2 Qc7 12. Bh6 Bxh6 13. Qxh6 Qb6+ 14.
Kh1 Qxb2 15. Qd2 Qb4 16. Bd3 Rab8 17. f4 c5 18. Rab1 Qa5 19. Rxb8 Rxb8 20.
f5 Kg7 21. fxg6 hxg6 22. h3 Bc6 23. Rf4 Nh5 24. Rh4 Rh8 25. g4 Ng3+ 26. Kh2
Rxh4 27. Kxg3 Rh8 28. Bc4 Qc7 29. Kg2 Qb7 30. Qf4 e5 31. Qf3 Rf8 32. g5 f5
33. gxf6+ Rxf6 34. Qe3 Rf4 35. Bd3 Qb4 36. Nd5 Bxd5 37. exd5 Qd4 38. Qxd4
Rxd4 39. Kf3 Rxd5 40. Ke3 Kf6 41. c3 a5 42. Ke2 Kg5 43. Be4 Rd4 44. cxd4
cxd4 45. Kf3 Kh4 46. Bxg6 Kxh3 47. Bd3 Kh4 48. Ke4 Kg4 49. Kd5 Kf4 50. Kxd6
e4 51. Bc2 d3 52. Bd1 e3 53. Kd5 e2 54. Bxe2 dxe2 55. Kc5 e1=Q 56. Kb5 Qb4+
57. Kc6 Ke5 58. Kc7 Qd6+ 59. Kb7 Kd5 60. Ka7 Qb4 61. a3 Qb5 62. a4 Qb4 63.
Ka6 Kc6 64. Ka7 Qb7# {White checkmated} 0-1

[Event "ICC tourney 2173 (45 10)"]
[Site "Internet Chess Club"]
[Date "2020.12.05"]
[Round "1"]
[White "ChalsparoV"]
[Black "dangdang2000"]
[Result "1-0"]
[ICCResult "Black checkmated"]
[WhiteElo "1576"]
[BlackElo "1322"]
[Opening "Queen's pawn game"]
[ECO "D02"]
[NIC "QP.08"]
[Time "13:03:34"]
[TimeControl "2700+10"]

1. d4 d5 2. Nf3 Bf5 3. Bf4 e6 4. e3 Nd7 5. Nbd2 Ngf6 6. c4 c5 7. Qb3 Qb6 8.
Be2 Be7 9. O-O O-O 10. h3 Rfe8 11. Rac1 Rac8 12. Rfd1 Nf8 13. Qxb6 axb6 14.
a3 Ng6 15. Bg3 Ne4 16. Nxe4 Bxe4 17. Nd2 Bf5 18. cxd5 exd5 19. Nf3 f6 20.
dxc5 Rxc5 21. Rxc5 bxc5 22. Rxd5 Be6 23. Rd2 Rc8 24. Bb5 Nf8 25. Kf1 c4 26.
Nd4 Bf7 27. Nf5 Bd8 28. Nd6 c3 29. bxc3 Ra8 30. Nxf7 Kxf7 31. Bd6 Ba5 32.
Bb4 Bxb4 33. axb4 Ra3 34. Rd3 Ra1+ 35. Ke2 Ra2+ 36. Kf3 Kg6 37. Be8+ Kf5 38.
Bf7 Ng6 39. Bxa2 Ne5+ 40. Ke2 Nxd3 41. Kxd3 b5 42. Bd5 Ke5 43. Bc6 Kd6 44.
c4 Kxc6 45. c5 Kd5 46. e4+ Ke5 47. Ke3 g5 48. g3 f5 49. f4+ gxf4+ 50. gxf4+
Ke6 51. exf5+ Kxf5 52. Kd4 Ke6 53. Ke4 h5 54. f5+ Kf6 55. Kf4 h4 56. Ke4 Kf7
57. Ke5 Ke7 58. f6+ Kf7 59. c6 Ke8 60. Ke6 Kd8 61. f7 Kc7 62. Kd5 Kb6 63.
Kd6 Ka6 64. Kc7 Ka7 65. f8=Q Ka6 66. Qa8# {Black checkmated} 1-0

[Event "ICC tourney 2173 (45 10)"]
[Site "Internet Chess Club"]
[Date "2020.12.05"]
[Round "1"]
[White "smartgoldfish"]
[Black "ArtGarcia"]
[Result "1-0"]
[ICCResult "Black resigns"]
[WhiteElo "1189"]
[BlackElo "1414"]
[Opening "Ruy Lopez: Cozio defense"]
[ECO "C60"]
[NIC "RL.04"]
[Time "13:04:23"]
[TimeControl "2700+10"]

1. e4 e5 2. Nf3 Nc6 3. Bb5 Nge7 4. O-O g6 5. Re1 Bg7 6. c3 O-O 7. d3 a6 8.
Ba4 b5 9. Bc2 d6 10. h3 Bd7 11. Be3 Qc8 12. Kh2 f5 13. Nbd2 f4 14. d4 fxe3
15. fxe3 Kh8 16. Nf1 Rb8 17. a3 Nd8 18. b4 Ndc6 19. Ng3 Ng8 20. Qe2 Nce7 21.
Rad1 Be6 22. Rf1 c5 23. Bd3 c4 24. Bc2 exd4 25. exd4 d5 26. e5 Bh6 27. Kh1
Bf4 28. Kh2 Nf5 29. Bxf5 Bxf5 30. Nh4 Bd3 31. Rxd3 cxd3 32. Qxd3 Bxg3+ 33.
Kxg3 Qe6 34. Nf3 Qf5 35. Qd2 Rb7 36. Kf2 h5 37. Kg1 Kg7 38. Qe2 Rbf7 39. Nh2
Qe6 40. Nf3 Ne7 41. Rf2 Nc8 42. Ng5 Qe7 43. Nxf7 Rxf7 44. Rxf7+ Qxf7 45. e6
Qe7 46. Qe5+ Kh7 47. Qxd5 Nb6 48. Qc6 Nc4 49. Qd7 Qg7 50. e7 Nb6 51. Qd8 Nc8
52. e8=Q {Black resigns} 1-0

[Event "ICC tourney 2173 (45 10)"]
[Site "Internet Chess Club"]
[Date "2020.12.05"]
[Round "1"]
[White "coolkidh"]
[Black "Liopleuradon15"]
[Result "1-0"]
[ICCResult "Black checkmated"]
[WhiteElo "1356"]
[BlackElo "1471"]
[Opening "King's Indian: 4.e4"]
[ECO "E70"]
[NIC "KI.32"]
[Time "13:03:31"]
[TimeControl "2700+10"]

1. d4 Nf6 2. c4 g6 3. Nc3 Bg7 4. e4 O-O 5. e5 Ne8 6. Nf3 d6 7. Be2 Nc6 8.
exd6 cxd6 9. d5 Ne5 10. O-O f5 11. Bf4 Nxf3+ 12. Bxf3 h6 13. h3 g5 14. Bh2
Nf6 15. Qc2 g4 16. hxg4 fxg4 17. Be2 h5 18. Bd3 h4 19. Ne4 h3 20. Nxf6+ Rxf6
21. Bg3 Qe8 22. f3 gxf3 23. Rxf3 Rxf3 24. gxf3 Bd7 25. Re1 Bd4+ 26. Kh2 Qf7
27. b3 Rf8 28. f4 Qf6 29. Bh7+ Kh8 30. Qg6 a6 31. Qxf6+ Bxf6 32. Bd3 Kg7 33.
f5 Rh8 34. Rg1 Kf7 35. a4 Bd4 36. Re1 Rh5 37. Rf1 Be3 38. f6 Rh6 39. fxe7+
Kxe7 40. Rf3 Bg5 41. Bf5 Rf6 42. Be4 Rh6 43. Rf1 Kd8 44. Rb1 Kc7 45. c5 Be7
46. Rc1 Kd8 47. c6 bxc6 48. dxc6 Be6 49. c7+ Kc8 50. Bd3 Kb7 51. b4 Rh8 52.
b5 axb5 53. axb5 Rc8 54. Re1 Bd7 55. Rxe7 Bg4 56. Bxd6 Rg8 57. Be4+ Kb6 58.
Bc6 Bc8 59. Bg3 Rf8 60. Bd7 Bb7 61. Bxh3 Kxb5 62. Re5+ Kb6 63. Re2 Bc8 64.
Rb2+ Kc6 65. Rb8 Bxh3 66. Rxf8 Bd7 67. Kg2 Kb7 68. Rb8+ Ka7 69. Kf3 Bc6+ 70.
Ke3 Bb7 71. Kd3 Ba6+ 72. Kc3 Bb7 73. Kb4 Bc6 74. c8=Q Bb5 75. Qb7#
{Black checkmated}
1-0

[Event "ICC tourney 2173 (45 10)"]
[Site "Internet Chess Club"]
[Date "2020.12.05"]
[Round "1"]
[White "Paladin51"]
[Black "chessorca"]
[Result "0-1"]
[ICCResult "White checkmated"]
[WhiteElo "1564"]
[BlackElo "1373"]
[Opening "Queen's pawn game"]
[ECO "D04"]
[NIC "QP.06"]
[Time "13:03:31"]
[TimeControl "2700+10"]

1. d4 Nf6 2. Nf3 d5 3. e3 c6 4. b3 Bf5 5. Bb2 e6 6. Bd3 g6 7. O-O Bg7 8.
Nbd2 O-O 9. Qe2 Nbd7 10. e4 dxe4 11. Nxe4 Nxe4 12. Bxe4 Nf6 13. Bxf5 exf5
14. Ne5 Re8 15. Qc4 Qc7 16. Rfe1 Rad8 17. Rad1 Re7 18. Ba3 Re6 19. Nf3 Rxe1+
20. Rxe1 Ne4 21. c3 g5 22. Bc1 h6 23. h3 b5 24. Qd3 Qa5 25. b4 Qxa2 26. Nd2
Nxd2 27. Bxd2 Qd5 28. Re7 Rd7 29. Re8+ Kh7 30. g4 Rd6 31. Re7 Re6 32. Rxa7
Re4 33. f3 Rxd4 34. cxd4 Qxd4+ 35. Qxd4 Bxd4+ 36. Kf1 Bxa7 37. Ke2 fxg4 38.
fxg4 Kg6 39. Kd3 f5 40. gxf5+ Kxf5 41. Ke2 Ke4 42. Bc3 h5 43. Bf6 g4 44.
hxg4 hxg4 45. Bh4 Kd5 46. Kf1 Kc4 47. Be7 c5 48. bxc5 Bxc5 49. Bf6 g3 50.
Kg2 Bf2 51. Bb2 b4 52. Be5 Kd3 53. Kf3 b3 54. Kg2 Kc2 55. Kf3 b2 56. Bxb2
Kxb2 57. Ke2 Kc3 58. Kf3 Kd4 59. Kg2 Ke4 60. Kf1 Ba7 61. Kg2 Kf4 62. Kf1 Kf3
63. Ke1 g2 64. Kd2 g1=Q 65. Kc3 Qg4 66. Kd2 Qd4+ 67. Kc2 Qe3 68. Kb2 Ke4 69.
Kc2 Kd4 70. Kb2 Kc4 71. Kc2 Qe2+ 72. Kc1 Kc3 73. Kb1 Qb2# {White checkmated}
0-1

[Event "ICC tourney 2173 (45 10)"]
[Site "Internet Chess Club"]
[Date "2020.12.05"]
[Round "1"]
[White "Davide25"]
[Black "ShanksGames"]
[Result "1-0"]
[ICCResult "Black resigns"]
[WhiteElo "1403"]
[BlackElo "1536"]
[Opening "French: Tarrasch"]
[ECO "C03"]
[NIC "FR.07"]
[Time "13:03:36"]
[TimeControl "2700+10"]

1. d4 e6 2. e4 d5 3. Nd2 dxe4 4. Nxe4 Nf6 5. Nxf6+ gxf6 6. Nf3 Nc6 7. Bd3 b6
8. c3 Bb7 9. Qe2 Qd7 10. Bf4 O-O-O 11. O-O-O Bd6 12. Bg3 Qe7 13. Rhe1 Bxg3
14. hxg3 e5 15. dxe5 fxe5 16. Nh4 h6 17. Nf5 Qg5+ 18. Kb1 Rhe8 19. Be4 Kb8
20. Qe3 Qh5 21. Rxd8+ Rxd8 22. Kc2 Na5 23. Qf3 Qg5 24. Ne3 Bxe4+ 25. Qxe4
Qg6 26. Qxg6 fxg6 27. b4 Nc6 28. Ng4 Rf8 29. f3 h5 30. Nxe5 Nxe5 31. Rxe5
Kc8 32. Kd3 Kd7 33. Rg5 Rf6 34. f4 Ke7 35. a4 Kf7 36. a5 Rf5 37. axb6 cxb6
38. Rxf5+ gxf5 39. Kc4 a6 40. Kd5 Ke7 41. Kc6 a5 42. bxa5 bxa5 43. Kb5 Kd6
44. Kxa5 Kc5 45. Ka4 Kc4 46. Ka5 Kxc3 47. Kb5 Kd3 48. Kc5 Ke3 49. Kd5 Kf2
50. Ke5 Kxg3 51. Kxf5 h4 52. Kg5 Kxg2 53. Kxh4 {Black resigns} 1-0

[Event "ICC tourney 2173 (45 10)"]
[Site "Internet Chess Club"]
[Date "2020.12.05"]
[Round "1"]
[White "keshavarzip"]
[Black "hi987"]
[Result "0-1"]
[ICCResult "White resigns"]
[WhiteElo "1408"]
[BlackElo "1673"]
[Opening "Sicilian: dragon variation"]
[ECO "B70"]
[NIC "SI.15"]
[Time "13:03:37"]
[TimeControl "2700+10"]

1. e4 c5 2. Nf3 d6 3. d4 cxd4 4. Nxd4 Nf6 5. Nc3 g6 6. Bd3 Bg7 7. Be3 O-O 8.
O-O Ng4 9. Qd2 Nxe3 10. Qxe3 Nc6 11. Nxc6 bxc6 12. Ne2 Bxb2 13. Rab1 Bg7 14.
Kh1 Be6 15. f4 Bxa2 16. Rbd1 Be6 17. e5 Qc7 18. f5 Bxf5 19. Bxf5 gxf5 20. e6
fxe6 21. Qxe6+ Kh8 22. Rf4 Rf6 23. Qc4 d5 24. Rxd5 Qxf4 25. Nxf4 cxd5 26.
Qxd5 Rb8 27. h3 Rfb6 28. Ne6 Rb5 29. Qd3 Rb1+ 30. Kh2 Be5+ 31. g3 Rg8 32.
Nf4 Rb4 33. Qxf5 Bd6 34. h4 Rd4 35. Ne6 Bxg3+ 36. Kg2 Rd2+ 37. Kf1 Rf2+ 38.
Qxf2 Bxf2 39. Kxf2 Rg6 40. Ng5 Kg7 41. Ke3 a5 42. Kd3 Rb6 43. Kc3 a4 44.
Ne6+ Rxe6 45. Kb4 Ra6 46. c4 a3 47. c5 a2 48. c6 Rxc6 49. Ka3 a1=Q+
{White resigns}
0-1

[Event "ICC tourney 2173 (45 10)"]
[Site "Internet Chess Club"]
[Date "2020.12.05"]
[Round "1"]
[White "nnrs"]
[Black "bsarvagnya"]
[Result "1-0"]
[ICCResult "Black checkmated"]
[WhiteElo "1569"]
[BlackElo "1272"]
[Opening "Giuoco Piano"]
[ECO "C50"]
[NIC "IG.02"]
[Time "13:03:55"]
[TimeControl "2700+10"]

1. e4 e5 2. Nf3 Nc6 3. Bc4 Bc5 4. O-O Nf6 5. c3 d6 6. d4 exd4 7. cxd4 Bb6 8.
b4 O-O 9. b5 Ne7 10. Nc3 h6 11. Qb3 c6 12. a4 Bd7 13. e5 dxe5 14. Nxe5 Be8
15. Ba3 Rc8 16. Bxe7 Qxe7 17. Ng6 Qd6 18. Nxf8 Qxf8 19. bxc6 Bxc6 20. d5 Bd7
21. a5 Bd4 22. Rac1 Ne8 23. Bb5 Rxc3 24. Rxc3 Bxb5 25. Qxb5 Bxc3 26. Qxb7
Bxa5 27. Qxa7 Bc7 28. Re1 Bd6 29. Qd7 Nf6 30. Qc6 Qb8 31. g3 Bf8 32. Kg2 Qd6
33. Qxd6 Bxd6 34. Rd1 Kf8 35. Kf3 Ke7 36. h3 Nd7 37. g4 Kf6 38. Ke4 Kg5 39.
Rf1 Nf6+ 40. Kd4 Nd7 41. Ke4 Nf6+ 42. Kd4 h5 43. f3 hxg4 44. fxg4 Kh4 45.
Rf3 Nd7 46. Rxf7 Bc5+ 47. Ke4 Nf6+ 48. Ke5 Kxh3 49. g5 Ng4+ 50. Ke6 g6 51.
Rg7 Kh4 52. Rxg6 Be3 53. d6 Bxg5 54. Rxg5 Kxg5 55. d7 Kg6 56. d8=Q Ne3 57.
Qd3+ Kg7 58. Qxe3 Kh8 59. Qg5 Kh7 60. Kf7 Kh8 61. Qh5# {Black checkmated}
1-0

[Event "ICC tourney 2173 (45 10)"]
[Site "Internet Chess Club"]
[Date "2020.12.05"]
[Round "2"]
[White "Liopleuradon15"]
[Black "Mannansh"]
[Result "1-0"]
[ICCResult "Black resigns"]
[WhiteElo "1481"]
[BlackElo "1250"]
[Opening "QGD semi-Slav"]
[ECO "D43"]
[NIC "QP.09"]
[Time "15:32:08"]
[TimeControl "2700+10"]

1. Nf3 d5 2. d4 Nf6 3. c4 e6 4. Nc3 c6 5. Bg5 Bb4 6. e3 Nbd7 7. a3 Bxc3+ 8.
bxc3 Qa5 9. Rc1 Qxa3 10. Bd3 Qa5 11. O-O Ne4 12. Bf4 O-O 13. c5 Nxc3 14. Qd2
e5 15. dxe5 Nxc5 16. Rxc3 Ne4 17. Bxe4 dxe4 18. Nd4 Rd8 19. Qc2 Bf5
{Black resigns}
1-0

[Event "ICC tourney 2173 (45 10)"]
[Site "Internet Chess Club"]
[Date "2020.12.05"]
[Round "2"]
[White "aChessRookie"]
[Black "M6northrup"]
[Result "1-0"]
[ICCResult "Black resigns"]
[WhiteElo "1231"]
[BlackElo "1592"]
[Opening "Ruy Lopez: classical defense, 4.c3"]
[ECO "C64"]
[NIC "RL.01"]
[Time "15:31:55"]
[TimeControl "2700+10"]

1. e4 e5 2. Nf3 Nc6 3. Bb5 Bc5 4. c3 d6 5. d4 exd4 6. cxd4 Bb4+ 7. Bd2 Bxd2+
8. Qxd2 Bd7 9. Bc4 Nf6 10. O-O O-O 11. Nc3 h6 12. h3 Re8 13. Rfe1 d5 14.
Bxd5 Nxd5 15. Nxd5 Be6 16. Nxc7 Qxc7 17. d5 Rad8 18. Qc3 Bxd5 19. exd5 Rxe1+
20. Qxe1 Ne7 21. Rc1 Qf4 22. Rd1 Nxd5 23. Qa5 Qf6 24. Rxd5 {Black resigns}
1-0

[Event "ICC tourney 2173 (45 10)"]
[Site "Internet Chess Club"]
[Date "2020.12.05"]
[Round "2"]
[White "ElijahL2020"]
[Black "hartej"]
[Result "0-1"]
[ICCResult "White checkmated"]
[WhiteElo "1307"]
[BlackElo "1527"]
[Opening "Sicilian defense"]
[ECO "B40"]
[NIC "SI.43"]
[Time "15:31:52"]
[TimeControl "2700+10"]

1. e4 c5 2. Nf3 e6 3. c3 Qc7 4. d4 cxd4 5. cxd4 a6 6. Nc3 Bb4 7. Bd2 Ne7 8.
Rc1 Qd8 9. a3 Bxc3 10. Bxc3 d5 11. e5 Nbc6 12. Bd3 Ng6 13. Qd2 Bd7 14. b4
Nh4 15. Nxh4 Qxh4 16. Qe3 h6 17. Qg3 Qxg3 18. fxg3 Rc8 19. O-O Na7 20. Bd2
Ke7 21. Rc5 Bb5 22. Rf3 Bxd3 23. Rxd3 Rc6 24. Rxc6 Nxc6 25. a4 Rc8 26. a5
Na7 27. Rc3 Rxc3 28. Bxc3 Kd7 29. Kf2 Kc6 30. Ke3 Nb5 31. Kd3 Nxc3 32. Kxc3
b6 33. axb6 Kxb6 34. Kb3 Kb5 35. g4 a5 36. bxa5 Kxa5 37. Ka3 Kb5 38. Kb3 f6
39. exf6 gxf6 40. Kc3 Ka4 41. g3 Ka5 42. Kb3 Kb5 43. Kc3 Ka4 44. h3 Ka3 45.
g5 fxg5 46. g4 Ka4 47. Kc2 Kb4 48. Kd3 Kb3 49. Kd2 Kc4 50. Ke3 Kc3 51. Kf3
Kxd4 52. Ke2 e5 53. Kd2 e4 54. Ke2 e3 55. Ke1 Kd3 56. Kd1 e2+ 57. Ke1 d4 58.
h4 gxh4 59. g5 hxg5 60. Kf2 Kd2 61. Kf3 e1=Q 62. Kg2 Qe3 63. Kh1 Qe2 64. Kg1
h3 65. Kh1 Qg2# {White checkmated} 0-1

[Event "ICC tourney 2173 (45 10)"]
[Site "Internet Chess Club"]
[Date "2020.12.05"]
[Round "2"]
[White "Leowang"]
[Black "Eagle2020"]
[Result "0-1"]
[ICCResult "White checkmated"]
[WhiteElo "1087"]
[BlackElo "1506"]
[Opening "QGD: 4.Bg5 Be7"]
[ECO "D53"]
[NIC "QO.13"]
[Time "15:31:47"]
[TimeControl "2700+10"]

1. d4 e6 2. c4 d5 3. Nc3 Nf6 4. Bg5 Be7 5. Nf3 Bb4 6. a3 Bxc3+ 7. bxc3 c6 8.
e3 h6 9. Bh4 Nbd7 10. Bd3 dxc4 11. Bxc4 g5 12. Bg3 Ne4 13. Qc2 Qa5 14. Rc1
Qxa3 15. O-O Nef6 16. Ne5 h5 17. Nxd7 Bxd7 18. Be5 Qe7 19. f4 g4 20. e4 h4
21. f5 exf5 22. exf5 O-O-O 23. Rce1 Rde8 24. Qa2 a6 25. Bxa6 Bxf5 26. Rxf5
bxa6 27. Qxa6+ Qb7 28. Qxb7+ Kxb7 29. Rxf6 Rh7 30. Ref1 Re7 31. Rd6 Rh5 32.
Rff6 Rg5 33. Rxc6 g3 34. Rb6+ Ka8 35. Ra6+ Kb7 36. Rfb6+ Kc8 37. Rb8+ Kd7
38. Rd6+ Kc7 39. Rdd8+ Kc6 40. d5+ Kc5 41. Bd6+ Kc4 42. Bxe7 Re5 43. Bf6
Re1# {White checkmated} 0-1